 Dungeon Crawl Stone Soup version 0.27-a0-412-g8dd771eca2 (webtiles) character file.

Game seed: 2728191940088139404

21 wakim the Sneak (level 3, -4/19 HPs)
             Began as a Kobold Enchanter on Feb 23, 2021.
             Slain by Sigmund
             ... wielding a +0 scythe
              (10 damage)
             ... on level 2 of the Dungeon.
             The game lasted 00:03:06 (1296 turns).

wakim the Sneak (Kobold Enchanter)                  Turns: 1296, Time: 00:03:06

Health: -4/19      AC:  3    Str:  6    XL:     3   Next: 5%
Magic:  6/6        EV: 15    Int: 16    God:
Gold:   17         SH:  0    Dex: 15    Spells: 3/6 levels left

rFire    . . .     SeeInvis .   a - +1 dagger
rCold    . . .     Faith    .   (shield restricted)
rNeg     . . .     Spirit   .   b - +0 robe
rPois    .         Reflect  .   h - +0 helmet
rElec    .         Harm     .   (no cloak)
rCorr    .         Rampage  .   (no gloves)
Will     .....                  (no boots)
Stlth    ++++......             (no amulet)
HPRegen  0.06/turn              (no ring)
MPRegen  0.10/turn              (no ring)

@: no status effects
A: small, nightstalker 3
a: no special abilities


You were on level 2 of the Dungeon.
You visited 1 branch of the dungeon, and saw 2 of its levels.

You collected 17 gold pieces.

Inventory:

Hand Weapons
 a - a +1 dagger (weapon)
Missiles
 f - 4 curare-tipped darts
 g - 5 atropa-tipped darts
Armour
 b - a +0 robe (worn)
 h - a +0 helmet (worn)
Scrolls
 c - a scroll of enchant armour {unknown}
 e - 3 scrolls of identify {unknown}
Potions
 d - a potion of ambrosia {unknown}
 i - a potion of heal wounds {unknown}
 j - a potion of cancellation {unknown}


   Skills:
 - Level 2.1 Short Blades
 - Level 3.0 Dodging
 + Level 4.5 Stealth
 * Level 2.3 Spellcasting
 * Level 3.0 Hexes


You had 3 spell levels left.
You knew the following spells:

 Your Spells              Type           Power        Failure   Level
a - Corona                Hex            12%          6%          1
b - Ensorcelled Hibernat  Hex/Ice        12%          16%         2

Your spell library contained the following spells:

 Spells                   Type           Power        Failure   Level
 Confusing Touch          Hex            11%          17%         3
 Tukima's Dance           Hex            11%          17%         3
 Dazzling Flash           Conj/Hex       12%          32%         3


Dungeon Overview and Level Annotations

Branches:
Dungeon (2/15)

Altars:
Nemelex Xobeh

Annotations:
D:2 Sigmund


Innate Abilities, Weirdness & Mutations

You are small and have problems with some larger weapons.
You are completely attuned to the shadows.


Message History

The bat hits you but does no damage. The bat barely misses you.
You hit the bat but do no damage.
The bat is moderately wounded.
The bat hits you but does no damage.
You hit the bat.
You kill the bat!
You start resting.
Magic restored.
HP restored.
You open the door. You open the door.
There is an open door here.
There is an open door here.
There is a fountain of sparkling water here.
Done exploring.
There is a fountain of sparkling water here.
There is a stone staircase leading down here.
You climb downwards.
There is a stone staircase leading up here.
You open the door.
There is an open door here.
e - 3 scrolls labelled GUFUYDGH RUHUV (gained 1) Sigmund the Dreaded comes into view.
He is wielding a +0 scythe.
The helpless Sigmund fails to defend himself.
You impale Sigmund!!
Sigmund is almost dead.
You hit Sigmund but do no damage.
Sigmund is almost dead.
Sigmund casts a spell at himself.
Sigmund flickers and vanishes!
Deactivating autopickup; reactivate with Ctrl-A.
You miss something. Something hits you but does no damage.
You miss something. Something hits you!
Ouch! That really hurt!
* * * LOW HITPOINT WARNING * * *
You hit something. You closely miss something. Something hits you!
Ouch! That really hurt!
You die...

#.. #.# # #.#
#.##{#### #...@....
#.##.#### #.#
#######.# #.......#
#.......###########
#.......'........<#
##.......###########
#........#


There were no monsters in sight!

Vanquished Creatures
  A dart slug (D:1)
  A leopard gecko (D:1)
  3 bats (D:1)
  A giant cockroach (D:1)
  2 goblins (D:1)
  3 hobgoblins (D:1)
  3 kobolds (D:1)
  A frilled lizard (D:1)
  A rat (D:1)
16 creatures vanquished.

Notes
Turn   | Place    | Note
-------+----------+-------------------------------------------
     0 | D:1      | wakim the Kobold Enchanter began the quest for the Orb.
     0 | D:1      | Reached XP level 1. HP: 10/10 MP: 3/3
   297 | D:1      | Reached XP level 2. HP: 15/15 MP: 5/5
   684 | D:1      | Found a sparkling altar of Nemelex Xobeh.
   860 | D:1      | Learned a level 2 spell: Ensorcelled Hibernation
  1112 | D:1      | Reached XP level 3. HP: 19/19 MP: 6/6
  1287 | D:2      | Noticed Sigmund
  1296 | D:2      | Slain by Sigmund

Illustrated notes

Levels and vault maps discovered:
D:1:      scummos_arrival_forest, layout_basic,
          nemelex_xobeh_ov_fountains_minmay
D:2:      layout_basic, zin_scriptorium, uniq_jessica, uniq_natasha,
          uniq_sigmund

Skill      XL: |  1  2 |
---------------+-------+-----
Short Blades   | 2 |  2.1
Dodging        | 3 |  3.0
Stealth        | |  4.5
Spellcasting   | |  2.3
Hexes          | |  3.0

Action                   || total
-------------------------++-------
Melee: Dagger            ||    53
 Cast: Corona            ||     4
 Stab: Sleeping          ||     8
Armor: Robe              ||     9
Dodge: Dodged            ||    27

Table legend: (Time is in decaauts)
 A = Elapsed time spent in this place.
 B = Non-inter-level travel time spent in this place.
 C = Inter-level travel time spent in this place.
 D = Time resting spent in this place.
 E = Time spent auto-exploring this place.
 F = Levels seen in this place.
 G = Mean time per level.
                   A        B        C        D        E       F      G
               +--------+--------+--------+--------+--------+-----+--------+
         Total |   1291 |   1270 |     21 |    463 |    632 |   2 |  645.5 |
       Dungeon |   1291 |   1270 |     21 |    463 |    632 |   2 |  645.5 |
               +--------+--------+--------+--------+--------+-----+--------+

Top non-repeatable levels by time:
     D:1: 1256 daAuts
     D:2: 34 daAuts
